 Dungeon Crawl Stone Soup version 0.30-a0-591-g3c58d2bc28 (webtiles) character file.

Game seed: 16143880394117968842

146 OTABOTABOTAB the Insei (level 5, -4/33 HPs)
             Began as an Octopode Transmuter on Jan 5, 2023.
             Slain by an orc
             ... wielding a +0 trident
              (8 damage)
             ... on level 5 of the Dungeon.
             The game lasted 00:07:46 (2472 turns).

OTABOTABOTAB the Insei (Octopode Transmuter)        Turns: 2472, Time: 00:07:47

Health: -4/33      AC:  1    Str:  9    XL:     5   Next: 28%
Magic:  8/8        EV: 13    Int: 17    God:
Gold:   108        SH:  0    Dex: 13    Spells: 2/8 levels left

rFire   . . .      SeeInvis .    r - +5 rapier of Understanding {venom, rC+ rN+}
rCold   + . .      Faith    .    (no shield)
rNeg    + . .      Spirit   .    (helmet currently unavailable)
rPois   .          Reflect  .    k - amulet of magic regeneration
rElec   .          Harm     .    h - ring of flight {+Fly, !d}
rCorr   .          Rampage  .    (no ring)
Will    .....                    (no ring)
Stlth   ++                       (no ring)
HPRegen 0.25/turn                (no ring)
MPRegen 0.51/turn                (no ring)
                                 (no ring)
                                 (no ring)

@: appendages (expiring), wereblooded, flying
A: tentacle spike 3, almost no armour, amphibious, 8 rings, camouflage 1,
gelatinous body 1, (nimble swimmer 1), tentacles
a: End Transformation


You were on level 5 of the Dungeon.
One of your tentacles had grown a beastly spike.
You visited 1 branch of the dungeon, and saw 4 of its levels.

You collected 108 gold pieces.

Inventory:

Hand Weapons
 r - the +5 rapier of Understanding (weapon) {venom, rC+ rN+}
   (You found it on level 2 of the Dungeon)

   rC:        It protects you from cold.
   rN:        It protects you from negative energy.
Missiles
 f - 5 boomerangs
 p - 5 poisoned darts
 s - 22 stones
Jewellery
 h - a ring of flight (left tentacle) {+Fly, !d}
   (You found it on level 1 of the Dungeon)
 k - an amulet of magic regeneration (around mantle)
   (You found it on level 1 of the Dungeon)
 l - an amulet of reflection
   (You found it on level 2 of the Dungeon)
 q - an amulet of faith
   (You found it on level 2 of the Dungeon)
Wands
 d - a wand of digging (7)
   (You found it on level 5 of the Dungeon)
Scrolls
 a - a scroll of poison {unknown}
 g - 4 scrolls of identify {unknown}
 i - 2 scrolls of noise {unknown}
 m - a scroll of enchant weapon {unknown}
 n - a scroll of vulnerability {unknown}
 t - a scroll of immolation {unknown}
 u - a scroll of teleportation {unknown}
 v - a scroll of blinking {unknown}
Potions
 b - a potion of brilliance {unknown}
 c - a potion of degeneration {unknown}
 j - 2 potions of attraction {unknown}
 J - 3 potions of curing {@q1}
 P - 2 potions of lignification {!q}


   Skills:
 - Level 1.5 Fighting
 - Level 2.4 Dodging
 + Level 4.0 Unarmed Combat
 - Level 2.0 Spellcasting
 + Level 3.3 Transmutations
 + Level 2.4 Poison Magic


You had 2 spell levels left.
You knew the following spells:

 Your Spells              Type           Power      Damage    Failure   Level
a - Beastly Appendage     Tmut           26%        N/A       4%          1
b - Wereblood             Tmut           13%        N/A       8%          2
c - Spider Form           Tmut/Pois      11%        N/A       19%         3

Your spell library contained the following spells:

 Spells                   Type           Power      Damage    Failure   Level
 Magic Dart               Conj           4%         1d3       19%         1
 Call Imp                 Summ           1%         N/A       28%         2
 Mephitic Cloud           Conj/Pois/Air  4%         N/A       38%         3
 Inner Flame              Hex/Fire       1%         N/A       50%         3
 Ice Form                 Ice/Tmut       7%         N/A       67%         4
 Cause Fear               Hex            0%         N/A       88%         4
 Discord                  Hex            0%         N/A       100%        8


Dungeon Overview and Level Annotations

Branches:
Dungeon (3/15)

Altars:

Shops:
D:1 :


Innate Abilities, Weirdness & Mutations

One of your tentacles has grown a beastly spike.
You cannot wear most types of armour.
You are amphibious.
You can wear up to eight rings at the same time.
Your skin changes colour to match your surroundings (Stealth+).
Your rubbery body absorbs attacks. (AC +1, EV +1)
((You are camouflaged when in or above water. (Stealth+)))
You have tentacles for arms and can constrict up to eight enemies at once.


Message History

You barely miss the gnoll. Your grab misses the gnoll.
You pierce the gnoll, but do no damage.
The gnoll hits you with a +0 club!
The hound stops to sniff the ground.
You take 7 damage, and have 13/28 hp.
MASSIVE DAMAGE!!
You hit the gnoll but do no damage.
The gnoll is poisoned.
Your grab misses the gnoll.
You pierce the gnoll, but do no damage.
You squeeze the gnoll! The gnoll misses you.
You hit the gnoll.
The gnoll looks as sick as possible!
Your grab misses the gnoll. The gnoll hits you with a +0 club!
* * * LOW HITPOINT WARNING * * *
The orc barely misses you.
The orc hits you from afar with a +0 trident.
* * * LOW HITPOINT WARNING * * *
You take 10 damage, and have 3/28 hp.
MASSIVE DAMAGE!!
It was a potion of curing.
You feel better.
J - 4 potions of curing You kill the gnoll!
The orc misses you. The orc barely misses you.
The gnoll hits you with a +0 club!
* * * LOW HITPOINT WARNING * * *
Your Transmutations skill increases to level 3!
It was a potion of heal wounds.
You feel much better.
N - a potion of heal wounds The gnoll barely misses you.
The orc barely misses you.
You regained 18 hp, and now have 22/28 hp.
You hit the orc but do no damage. You grab the orc.
You pierce the orc.
Your tentacle spike disappears.
You constrict the orc. The orc hits you with a +0 short sword.
The gnoll closely misses you.
You take 1 damage, and have 21/28 hp.
One of your tentacles grows a vicious spike.
You constrict the orc. The gnoll hits you with a +0 club.
The orc hits you with a +0 short sword.
You take 7 damage, and have 14/28 hp.
MASSIVE DAMAGE!!
You now have 6/7 mp.
Your blood is infused with primal strength.
You constrict the orc.
You feel a bit better.
You kill the orc!
The gnoll hits you with a +0 club.
You now have 5/7 mp.
You hit the gnoll.
The gnoll is poisoned.
Your grab misses the gnoll.
You pierce the gnoll.
You howl as the wereblood boils in your veins!
You feel a bit better.
You kill the gnoll!
The hound bites you.
The orc wizard casts a spell.
The orc wizard flickers and vanishes!
Deactivating autopickup; reactivate with Ctrl-A.
Your Poison Magic skill increases to level 2!
You take 4 damage, and have 10/28 hp.
You barely miss the hound. Your grab misses the hound. The hound bites you.
* * * LOW HITPOINT WARNING * * *
The orc barely misses you.
An orc comes into view. It is wielding a +0 club.
The hound completely misses you.
You take 2 damage, and have 8/28 hp.
You feel much better. The hound barely misses you.
The orc hits you from afar with a +0 trident!
You regained 11 hp, and now have 19/28 hp.
You puncture the hound!
The hound is poisoned.
You grab the hound.
You pierce the hound.
You feel a bit better.
You kill the hound!
The orc closely misses you.
Your Unarmed Combat skill increases to level 4!
You have reached level 5!
You feel agile.
You regained 5 hp, and now have 24/33 hp.
MP restored: 8 You puncture the gnoll!
You grab the gnoll.
You howl as the wereblood boils in your veins!
You constrict the gnoll. The orc barely misses you.
The gnoll hits you with a +0 flail. x2
You take 9 damage, and have 15/33 hp.
MASSIVE DAMAGE!!
You puncture the gnoll!
You feel a bit better.
You kill the gnoll!
The orc barely misses you.
Your transformation is almost over.
Something hits you but does no damage.
The orc hits you from afar with a +0 trident!
* * * LOW HITPOINT WARNING * * *
You take 8 damage, and have 8/33 hp.
MASSIVE DAMAGE!!
You feel better. The orc closely misses you. Something hits you.
You regained 6 hp, and now have 14/33 hp.
You puncture something!
You hear some strange, mumbled words.
A magic dart appears from out of thin air!
The magic dart hits you.
* * * LOW HITPOINT WARNING * * *
The orc completely misses you.
You take 6 damage, and have 8/33 hp.
You barely miss something. Something hits you.
* * * LOW HITPOINT WARNING * * *
The orc hits you from afar with a +0 trident!
You die...

#.........# #.........#
#####.........#
..............#
....).........#
#####.........# .
#.........## ...
#####..........####.....
..............o{@).#
#######.......o###.#
#........og..#
####......##..o..
##....#.....o..
#.....####.....
#.......# ....
#.....#.>......
.........#.#... ..


You could see 2 orcs.

Vanquished Creatures
  A hound (D:5)
  3 gnolls (D:5)
  3 adders (D:3)
  A shadow imp (D:5)
  3 orcs (D:5)
  A bat (D:2)
  2 endoplasms
  5 goblins
  2 hobgoblins (D:2)
  4 jackals (D:2)
  5 kobolds
  6 quokkas
  6 ball pythons
  3 frilled lizards
  4 rats
49 creatures vanquished.

Vanquished Creatures (others)
  7 plants (D:1)
7 creatures vanquished.

Grand Total: 56 creatures vanquished

Notes
Turn   | Place    | Note
-------+----------+-------------------------------------------
     0 | D:1      | OTABOTABOTAB the Octopode Transmuter began the quest for
                  | the Orb.
     0 | D:1      | Reached XP level 1. HP: 13/13 MP: 3/3
    50 | D:1      | Found Linwov's Book Emporium.
   367 | D:1      | Reached XP level 2. HP: 14/18 MP: 3/5
   370 | D:1      | Learned a level 2 spell: Wereblood
  1236 | D:2      | Reached XP level 3. HP: 22/23 MP: 6/6
  1240 | D:2      | Learned a level 3 spell: Spider Form
  1571 | D:2      | Identified the +5 rapier of Understanding {venom, rC+ rN+}
  1860 | D:3      | Reached skill level 1 in Poison Magic
  1899 | D:3      | Found a faded altar of an unknown god.
  2095 | D:3      | Reached XP level 4. HP: 16/28 MP: 7/7
  2353 | D:3      | You are sucked into a shaft and drop 2 floors!
  2353 | D:5      | Entered Level 5 of the Dungeon
  2457 | D:5      | HP: 5/28 [gnoll/+0 club (8)]
  2459 | D:5      | Reached skill level 3 in Transmutations
  2464 | D:5      | Reached skill level 2 in Poison Magic
  2467 | D:5      | Reached skill level 4 in Unarmed Combat
  2467 | D:5      | Reached XP level 5. HP: 24/33 MP: 8/8
  2469 | D:5      | HP: 8/33 [orc/+0 trident (8)]
  2472 | D:5      | Slain by an orc

Illustrated notes

Levels and vault maps discovered:
D:1:      giann_bridges, layout_basic, serial_bayou, serial_bayou_ford_a,
          serial_bayou_lagoon_a, serial_bayou_pond_e, serial_bayou_pond_e,
          serial_shops, nicolae_shop_behind_doors, patterned_corridor
D:2:      layout_basic
D:3:      layout_loops_ring, shapermc_ecumenical_altar_mp_urbaneastern,
          st_stairs_12, feat_on_display, uniq_terence
D:5:      cheibrodos_barr_body, layout_rooms, nicolae_sif_muna_condensation,
          chequers_mini_garden, solitary_fountain

Skill      XL: |  1  2  3  4 |
---------------+-------------+-----
Poison Magic   | 1 2 |  2.4
Transmutations | 3 |  3.3
Unarmed Combat | 4 |  4.0
Fighting       | |  1.5
Dodging        | |  2.4
Spellcasting   | |  2.0

Action                   |  1- 3 |  4- 6 || total
-------------------------+-------+-------++-------
Melee: Unarmed           |    55 |       ||    55
       Kick              |    16 |     8 ||    24
       Constrict         |    18 |     7 ||    25
       Tentacles         |    14 |     1 ||    15
       Rapier            |    22 |    22 ||    44
       Punch             |       |     1 ||     1
Throw: Stone             |    15 |       ||    15
 Cast: Beastly Appendage |    22 |     5 ||    27
       Wereblood         |       |     1 ||     1
 Abil: End Transformatio |    17 |     3 ||    20
  Use: Potion            |       |     4 ||     4
 Stab: Sleeping          |     3 |       ||     3
Armor: Skin              |     7 |     1 ||     8
Dodge: Dodged            |    39 |    24 ||    63

Table legend: (Time is in decaauts)
 A = Elapsed time spent in this place.
 B = Non-inter-level travel time spent in this place.
 C = Inter-level travel time spent in this place.
 D = Time resting spent in this place.
 E = Time spent auto-exploring this place.
 F = Levels seen in this place.
 G = Mean time per level.
                   A        B        C        D        E       F      G
               +--------+--------+--------+--------+--------+-----+--------+
         Total |   2477 |   2405 |     72 |      0 |   1994 |   4 |  619.2 |
       Dungeon |   2477 |   2405 |     72 |      0 |   1994 |   4 |  619.2 |
               +--------+--------+--------+--------+--------+-----+--------+

Top non-repeatable levels by time:
     D:1: 1012 daAuts
     D:2: 765 daAuts
     D:3: 577 daAuts
     D:5: 122 daAuts

Table legend:
 A = Kills in this place as a percentage of kills in entire the game.
 B = Kills by you in this place as a percentage of kills by you in the entire game.
 C = Kills by friends in this place as a percentage of kills by friends in the entire game.
 D = Other kills in this place as a percentage of other kills in the entire game.
 E = Experience gained in this place as a percentage of experience gained in the entire game.
 F = Experience gained in this place divided by the number of levels of this place that you have seen.
                   A       B       C       D       E      F
               +-------+-------+-------+-------+-------+----------------------
         Total | 100.0 | 100.0 |   N/A |   N/A | 100.0 |  52.2
       Dungeon | 100.0 | 100.0 |   N/A |   N/A | 100.0 |  52.2
               +-------+-------+-------+-------+-------+----------------------
